 Dungeon Crawl Stone Soup version 0.31-a0-640-g39d97e502b (webtiles) character file.

Game seed: 11009870348785785267

42 Sanktem7 the Conjurer (level 3, -4/19 HPs)
             Began as a Deep Elf Conjurer on Aug 28, 2023.
             Slain by a gnoll
             ... wielding a +0 spear
              (7 damage)
             ... while paralysed by a kobold
             ... on level 3 of the Dungeon.
             The game lasted 00:07:11 (1608 turns).

Sanktem7 the Conjurer (Deep Elf Conjurer)           Turns: 1608, Time: 00:07:12

Health: -4/19      AC:  3    Str:  4    XL:     3   Next: 35%
Magic:  2/10       EV:  2    Int: 24    God:
Gold:   123        SH:  0    Dex: 13    Spells: 8/9 levels left

rFire   . . .        i - +0 whip {mace}
rCold   . . .        (no shield)
rNeg    . . .        a - +0 robe
rPois   .            (no helmet)
rElec   .            (no cloak)
rCorr   .            c - +0 pair of gloves
SInv    .            (no boots)
Will    .....        p - amulet of regeneration {@e2}
Stlth   ++           (no ring)
HPRegen 1.03/turn    (no ring)
MPRegen 0.12/turn

%: no passive effects
@: paralysed
A: no striking features
a: no special abilities


You were on level 3 of the Dungeon.
You visited 1 branch of the dungeon, and saw 3 of its levels.

You collected 123 gold pieces.


   Skills:
 + Level 3.0 Dodging
 + Level 3.1 Stealth
 + Level 3.5 Spellcasting
 * Level 4.9 Conjurations


You had 8 spell levels left.
You knew the following spells:

 Your Spells              Type           Power      Damage    Failure   Level
a - Magic Dart            Conj           100%       1d8       1%          1

Your spell library contained the following spells:

 Spells                   Type           Power      Damage    Failure   Level
 Searing Ray              Conj           56%        2d6       1%          2
 Kiss of Death            Conj/Necr      64%        2d10      3%          1
 Static Discharge         Conj/Air       32%        2-4/arc   5%          2
 Dazzling Flash           Conj/Hex       32%        N/A       11%         3
 Confusing Touch          Hex            4%         N/A       30%         3
 Fulminant Prism          Conj/Hex       8%         3d6       36%         4
 Iskenderun's Mystic Bla  Conj/Tloc      16%        2d5       36%         4
 Iskenderun's Battlesphe  Conj           28%        2d8       36%         5
 Airstrike                Air            2%         2d(1-17)  71%         4
 Dispel Undead            Necr           4%         3d7       71%         4
 Summon Lightning Spire   Summ/Air       4%         N/A       71%         4
 Fireball                 Conj/Fire      8%         3d6       71%         5
 Conjure Ball Lightning   Conj/Air       8%         3x3d6     99%         6
 Orb of Destruction       Conj           14%        9d7       100%        7

Inventory:

Hand Weapons
 i - a +0 whip (weapon) {mace}
   (You found it on level 1 of the Dungeon)
 q - a +1 short sword of freezing {short}
   (You took it off a kobold on level 2 of the Dungeon)
Missiles
 e - 47 stones {throwing}
 j - 2 boomerangs {throwing}
Armour
 a - a +0 robe (worn)
 c - a +0 pair of gloves (worn)
   (You found it on level 1 of the Dungeon)
Jewellery
 p - an amulet of regeneration (around neck) {@e2}
   (You found it on level 3 of the Dungeon)
Wands
 r - a wand of iceblast (4)
   (You found it on level 2 of the Dungeon)
Scrolls
 h - 2 scrolls of blinking {unknown}
 k - 3 scrolls of identify {unknown}
 l - 2 scrolls of fog {unknown}
 m - a scroll of poison {unknown}
Potions
 b - a potion of magic
 d - a potion of might {unknown}
 f - a potion of mutation {unknown}
 g - 2 potions of curing {unknown}
 n - a potion of enlightenment {unknown}
 o - a potion of haste {unknown}
 s - a potion of attraction {unknown}

Dungeon Overview and Level Annotations

Branches:
Dungeon (3/15) Zot: 16391

Altars:

.# ##.#
#######..#####
#.###..#
#...)Kg.......
#.#.#.#
#K#####.......
#..#.####.# #.###..
#......##.# .# .
#........### . ...
###<#...gK.######....
#...).##........#.#
#####....g.@......#
###############


You could see 2 gnolls and a kobold.


Message History

Aiming: Magic Dart (safe; 1% risk of failure)
Press: ? - help, Shift-Dir - straight line, f/p - kobold
Aim: a kobold, wielding a +0 short sword, wearing a +0 scale mail, quivering stones and carrying a wand of paralysis (100% to hit)
The magic dart hits the kobold but does no damage.
The gnoll shouts!
You hear a shout! 😎 MP[-1]
You lost 1 mp, and now have 6/10 mp.
Casting: Magic Dart (safe; 1% risk of failure)
Confirm with . or Enter, or press ? or * to list all spells.
Aiming: Magic Dart (safe; 1% risk of failure)
Press: ? - help, Shift-Dir - straight line, f/p - kobold
Aim: a kobold, wielding a +0 short sword, wearing a +0 scale mail, quivering stones and carrying a wand of paralysis (100% to hit)
The magic dart hits the kobold but does no damage.
The kobold throws a stone.
The stone hits you but does no damage. 😎 MP[-1]
You lost 1 mp, and now have 5/10 mp.
Casting: Magic Dart (safe; 1% risk of failure)
Confirm with . or Enter, or press ? or * to list all spells.
Aiming: Magic Dart (safe; 1% risk of failure)
Press: ? - help, Shift-Dir - straight line, f - gnoll, p - kobold
Aim: a gnoll, wielding a +0 spear (100% to hit)
The magic dart hits the gnoll.
A gnoll comes into view. It is wielding a +0 club.
The kobold throws a stone.
The stone hits you. 😕 HP[-1] MP[-1]
You take 1 damage, and now have 18/19 hp.
You lost 1 mp, and now have 4/10 mp.
Casting: Magic Dart (safe; 1% risk of failure)
Confirm with . or Enter, or press ? or * to list all spells.
Aiming: Magic Dart (safe; 1% risk of failure)
Press: ? - help, Shift-Dir - straight line, f/p - gnoll
Aim: a gnoll, wielding a +0 spear (moderately wounded, 100% to hit)
The magic dart hits the gnoll. 😎 HP[+1] MP[-1]
Your hp is fully restored (19).
You lost 1 mp, and now have 3/10 mp.
Casting: Magic Dart (safe; 1% risk of failure)
Confirm with . or Enter, or press ? or * to list all spells.
Aiming: Magic Dart (safe; 1% risk of failure)
Press: ? - help, Shift-Dir - straight line, f/p - gnoll
Aim: a gnoll, wielding a +0 spear (heavily wounded, 100% to hit)
The magic dart hits the gnoll. 😎 MP[-1]
You lost 1 mp, and now have 2/10 mp.
Casting: Magic Dart (safe; 1% risk of failure)
Confirm with . or Enter, or press ? or * to list all spells.
Aiming: Magic Dart (safe; 1% risk of failure)
Press: ? - help, Shift-Dir - straight line, f/p - gnoll
Aim: a gnoll, wielding a +0 spear (heavily wounded, 100% to hit)
The magic dart hits the gnoll but does no damage.
The gnoll hits you from afar with a +0 spear.
The kobold throws a stone.
The stone hits you. 😮 HP[-5] MP[-1]
You take 5 damage, and now have 14/19 hp.
MASSIVE DAMAGE!! (PAUSE)
You lost 1 mp, and now have 1/10 mp. 😕 HP[+1] MP[+1]
Things that are here:
a +0 hand axe {axe}; a +0 leather armour; an orc corpse 😕 HP[+1]
The gnoll attacks as it pursues you!
The gnoll closely misses you. 😕 HP[+1] 😕 HP[+1]
The gnoll attacks as it pursues you!
The gnoll hits you from afar with a +0 spear! 😮 HP[-7]
You take 7 damage, and now have 11/19 hp.
MASSIVE DAMAGE!! (PAUSE) 😮 HP[+1] 😮 HP[+1] 😮 HP[+1] 😕 HP[+1]
The gnoll attacks as it pursues you! The gnoll misses you. 😕 HP[+1] MP[+1]
The gnoll attacks as it pursues you!
The gnoll hits you from afar with a +0 spear. 😮 HP[-5]
You take 5 damage, and now have 11/19 hp.
MASSIVE DAMAGE!! (PAUSE)
The gnoll attacks as it pursues you! The gnoll barely misses you. 😮 HP[+1]
The gnoll attacks as it pursues you!
The gnoll hits you from afar with a +0 spear.
* * * LOW HITPOINT WARNING * * *
😨 HP[-4]
You take 4 damage, and now have 8/19 hp.
MASSIVE DAMAGE!! (PAUSE)
Casting: Magic Dart (safe; 1% risk of failure)
Confirm with . or Enter, or press ? or * to list all spells.
Aiming: Magic Dart (safe; 1% risk of failure)
Press: ? - help, Shift-Dir - straight line, f/p - gnoll
Aim: a gnoll, wielding a +0 spear (heavily wounded, 100% to hit)
The magic dart hits the gnoll but does no damage.
The kobold zaps a wand.
You suddenly lose the ability to move!
The gnoll hits you from afar with a +0 spear.
* * * LOW HITPOINT WARNING * * *
The kobold throws a stone.
The stone hits you.
* * * LOW HITPOINT WARNING * * *
The gnoll hits you from afar with a +0 spear!
You die...

Skill      XL: |  1  2  3 |
---------------+----------+-----
Stealth        | 3 |  3.1
Dodging        | 3 |  3.0
Spellcasting   | |  3.5
Conjurations   | |  4.9

Action                     || total
---------------------------++-------
   Cast: Magic Dart        ||    61
 Armour: Robe              ||     2
  Dodge: Dodged            ||     8

Levels and vault maps discovered:
D:1:      amcnicky_arrival_single_pillar, layout_loops_ring,
          kennysheep_crisscross
D:2:      layout_loops_ring
D:3:      layout_loops_ring, minmay_misc_feat_room, chequers_mini_garden

Notes
Turn   | Place    | Note
-------+----------+-------------------------------------------
     0 | D:1      | Sanktem7 the Deep Elf Conjurer began the quest for the Orb.
     0 | D:1      | Reached XP level 1. HP: 10/10 MP: 6/6
     0 | D:1      | magus.rc [v1.9.6]
    54 | D:1      | You pick up a book of Storms and begin reading...
    54 | D:1      | You add the spells Static Discharge, Airstrike and Summon
                  | Lightning Spire to your library.
   388 | D:1      | Reached XP level 2. HP: 15/15 MP: 4/8
   579 | D:1      | You pick up a book of the Spheres and begin reading...
   579 | D:1      | You add the spells Iskenderun's Battlesphere, Fireball,
                  | Conjure Ball Lightning and Orb of Destruction to your
                  | library.
   815 | D:2      | You pick up a book of Touch and begin reading...
   815 | D:2      | You add the spells Kiss of Death, Confusing Touch and
                  | Dispel Undead to your library.
   857 | D:2      | magus.rc [v1.9.6]
   985 | D:2      | Reached XP level 3. HP: 19/19 MP: 1/9
  1009 | D:2      | Reached skill level 3 in Stealth
  1160 | D:2      | You fall into a shaft and drop 1 floor!
  1234 | D:2      | Reached skill level 3 in Dodging
  1607 | D:3      | Paralysed by a kobold for 4 turns
  1607 | D:3      | HP: 3/19 [gnoll/+0 spear (6)]
  1608 | D:3      | Slain by a gnoll

Vanquished Creatures
  An adder (D:2)
  2 worms (D:2)
  2 dart slugs
  An orc (D:3)
  A bat (D:2)
  3 endoplasms
  2 giant cockroaches
  2 goblins (D:2)
  A hobgoblin (D:1)
  3 kobolds
  A frilled lizard (D:3)
  3 rats
22 creatures vanquished.

Table legend:
 A = Non-vault XP
 B = Vault XP
 C = Vault XP percentage of total XP
 D = Non-vault monster count
 E = Vault monster count
 F = Vault count percentage of total count
                 A         B        C        D         E       F
            +---------+---------+-------+---------+---------+-------
      Total |      61 |       0 |   0.0 |      22 |       0 |   0.0
            +---------+---------+-------+---------+---------+-------
        D:1 |      13 |       0 |   0.0 |       6 |       0 |   0.0
        D:2 |      42 |       0 |   0.0 |      13 |       0 |   0.0
        D:3 |       6 |       0 |   0.0 |       3 |       0 |   0.0
            +---------+---------+-------+---------+---------+-------

Skill      XL: |  1  2  3 |
---------------+----------+-----
Stealth        | 3 |  3.1
Dodging        | 3 |  3.0
Spellcasting   | |  3.5
Conjurations   | |  4.9

Action                     || total
---------------------------++-------
   Cast: Magic Dart        ||    61
 Armour: Robe              ||     2
  Dodge: Dodged            ||     8

Illustrated notes

Table legend:
 A = Kills in this place as a percentage of kills in the entire game.
 B = Kills by you in this place as a percentage of kills by you in the entire game.
 C = Kills by friends in this place as a percentage of kills by friends in the entire game.
 D = Other kills in this place as a percentage of other kills in the entire game.
 E = Experience gained in this place as a percentage of experience gained in the entire game.
 F = Experience gained in this place divided by the number of levels of this place that you have seen.
                   A       B       C       D       E      F
               +-------+-------+-------+-------+-------+----------------------
         Total | 100.0 | 100.0 |   N/A |   N/A | 100.0 |  20.3
       Dungeon | 100.0 | 100.0 |   N/A |   N/A | 100.0 |  20.3
               +-------+-------+-------+-------+-------+----------------------

Table legend: (Time is in decaauts)
 A = Elapsed time spent in this place.
 B = Non-inter-level travel time spent in this place.
 C = Inter-level travel time spent in this place.
 D = Time resting spent in this place.
 E = Time spent auto-exploring this place.
 F = Levels seen in this place.
 G = Mean time per level.
                   A        B        C        D        E       F      G
               +--------+--------+--------+--------+--------+-----+--------+
         Total |   1607 |   1552 |     55 |    105 |    636 |   3 |  535.7 |
       Dungeon |   1607 |   1552 |     55 |    105 |    636 |   3 |  535.7 |
               +--------+--------+--------+--------+--------+-----+--------+

Top non-repeatable levels by time:
     D:2: 799 daAuts
     D:1: 693 daAuts
     D:3: 114 daAuts
